 Dungeon Crawl Stone Soup version 0.14.1-24-gbdbe590 (webtiles) character file.

59721 Kenran the Black Belt (level 14, -8/79 HPs)
             Began as a Gargoyle Monk on June 19, 2014.
             Was the Champion of Makhleb.
             Mangled by a fire dragon (13 damage)
             ... on Level 15 of the Dungeon.
             The game lasted 02:06:40 (24064 turns).

Kenran the Black Belt (Gargoyle Monk)              Turns: 24064, Time: 02:06:42

HP  -8/79        AC 20     Str 16      XL: 14   Next: 91%
MP  14/14        EV 31     Int 19      God: Makhleb [******]
Gold 1043        SH  0     Dex 20      Spells:  0 memorised, 13 levels left

rFire  . . .     SeeInvis .       - Unarmed
rCold  + . .     Clarity  .     K - +2 robe {MR+}
rNeg   + . .     Conserve .     (no shield)
rPois  +         rCorr    .     U - +2 hat {Int+3}
rElec  +         rRot     +     J - +0 cloak of Starlight {rElec rC+ EV+4 Stlth-}
SustAb . .       Spirit   .     (no gloves)
rMut   .         Warding  .     k - +2 pair of boots
Saprov . . .     Stasis   +     b - amulet "Huusch" {Stasis Dex+4 Int+5}
MR     ++...                    t - +6 ring of evasion
                                D - +0,+6 ring of slaying

@: very resistant to hostile enchantments, fairly stealthy
A: able to fly continuously, large and strong wings, frail 1, life protection 1,
electricity resistance, unbreathing, petrification resistance, AC +9
a: Fly, Minor Destruction, Lesser Servant of Makhleb, Major Destruction, Greater
Servant of Makhleb, Renounce Religion


You were on level 15 of the Dungeon.
You worshipped Makhleb.
Makhleb was exalted by your worship.
You were not hungry.

You visited 4 branches of the dungeon, and saw 26 of its levels.
You also visited: Sewer.

You collected 2096 gold pieces.
You spent 1053 gold pieces at shops.

Inventory:

Missiles
 d - 6 darts (quivered)
Armour
 k - a +2 pair of boots (worn)
 w - a +0 cloak of magic resistance
 J - the +0 cloak of Starlight (worn) {rElec rC+ EV+4 Stlth-}
   (You bought it in a shop on level 4 of the Orcish Mines)

   It affects your evasion (+4).
   It protects you from cold.
   It insulates you from electricity.
   It makes you much less stealthy.
 K - a +2 robe of magic resistance (worn)
 U - a +2 hat of intelligence (worn)
Magical devices
 r - a wand of polymorph (11)
 Y - a wand of lightning (6) {unknown}
Comestibles
 i - 5 meat rations
 x - a bread ration
 G - a sausage
 M - 2 royal jellies
 Q - a chunk of troll flesh
Scrolls
 c - 2 scrolls of blinking
 e - a scroll of enchant weapon I
 f - 2 scrolls of remove curse
 z - a scroll of enchant armour
 B - a scroll of fear
 C - 3 scrolls of recharging
 L - a scroll of fog
 R - 3 scrolls of teleportation
 X - 2 scrolls of magic mapping
Jewellery
 b - the amulet "Huusch" (around neck) {Stasis Dex+4 Int+5}
   (You acquired it on level 10 of the Dungeon)

   [amulet of stasis]

   It affects your intelligence (+5).
   It affects your dexterity (+4).
 j - a +2 ring of intelligence {unknown}
 m - the ring of Interdependent Arising {rF+ rN+}
   (You found it on level 11 of the Dungeon)

   [ring of positive energy]

   It protects you from fire.
 t - a +6 ring of evasion (right hand)
 D - a +0,+6 ring of slaying (left hand)
 N - an uncursed ring of see invisible
 P - an uncursed ring of positive energy {unknown}
Potions
 g - 2 potions of might
 h - 12 potions of curing
 l - 3 potions of resistance
 n - 2 potions of brilliance {unknown}
 o - 3 potions of agility
 p - 3 potions of mutation {unknown}
 q - 3 potions of flight {unknown}
 u - 2 potions of confusion {unknown}
 v - a potion of experience {unknown}
 A - a potion of heal wounds
 E - 2 potions of paralysis {unknown}
 F - a potion of haste
 H - 3 potions of berserk rage {unknown}
 I - 2 potions of restore abilities {unknown}
 O - 3 potions of poison {unknown}
Books
 a - Omirr's Compendium of Moulding and Clay
   (You found it on level 15 of the Dungeon)

   Spells                             Type                      Level
   Stoneskin                          Transmutation/Earth          2
   Leda's Liquefaction                Hexes/Earth                  4
   Petrify                            Transmutation/Earth          4
   Alistair's Intoxication            Transmutation/Poison         4
   Statue Form                        Transmutation/Earth          6
 s - a book of Flames

   Spells                             Type                      Level
   Flame Tongue                       Conjuration/Fire             1
   Throw Flame                        Conjuration/Fire             2
   Conjure Flame                      Conjuration/Fire             3
   Inner Flame                        Hexes/Fire                   3
   Sticky Flame                       Conjuration/Fire             4
   Fireball                           Conjuration/Fire             5
 y - a book of Hinderance

   Spells                             Type                      Level
   Confusing Touch                    Hexes                        1
   Confuse                            Hexes                        3
   Petrify                            Transmutation/Earth          4
   Leda's Liquefaction                Hexes/Earth                  4
   Metabolic Englaciation             Hexes/Ice                    5
   Summon Mana Viper                  Hexes/Summoning              5
 W - a book of Envenomations

   Spells                             Type                      Level
   Spider Form                        Transmutation/Poison         3
   Poison Weapon                      Charms/Poison                3
   Alistair's Intoxication            Transmutation/Poison         4
   Olgreb's Toxic Radiance            Poison                       4
   Poisonous Cloud                    Conjuration/Poison/Air       6
Miscellaneous
 T - a disc of storms


   Skills:
 + Level 10.9 Fighting
 - Level 2.6 Armour
 + Level 10.5 Dodging
 - Level 2.1 Stealth
 * Level 20.9 Unarmed Combat


You had 13 spell levels left.
You didn't know any spells.

Dungeon Overview and Level Annotations

Branches:
Dungeon (15/15)            Temple (1/1) D:6             Orc (4/4) D:12
    Elf (0/3) Orc:4          Lair (6/8) D:9          Shoals (0/5) Lair:6
  Snake (0/5) Lair:6       Vaults (0/5) D:14
  Slime: Lair:6-8    Depths: D:15

Altars:
Ashenzari
Cheibriados
Dithmenos
Elyvilon
Fedhas
Kikubaaqudgha
Makhleb
Nemelex Xobeh
Okawaru
Sif Muna
Trog
Vehumet
Xom
Yredelemnul
Zin
The Shining One
Beogh

Shops:
Orc:4 !!%}[

Annotations:
D:4 Sigmund
Lair:3 Fannar, Snorg
Lair:6 exclusion: 5 oklob plants


Innate Abilities, Weirdness & Mutations

You are resistant to torment.
You are immune to poison.
You are immune to rotting.
You can fly continuously.
Your stone body is very resilient (AC +9).
Your wings are large and strong.
You resist negative energy.
You are resistant to electric shocks.
You can survive without breathing.
You are immune to petrification.
You are frail (-10% HP).


Message History

You open the door.
There is an open door here.
You see here a curare-tipped needle.
A fire dragon comes into view.
Found 54 gold pieces.
A fire dragon comes into view.
The fire dragon breathes flames at you. The blast of flame hits you!
One of your 2 scrolls of fear catches fire!
One of your 5 scrolls of teleportation catches fire!
Found 79 gold pieces.
The fire dragon breathes flames at you. The blast of flame hits you!
The fire dragon breathes flames at you.
The blast of flame hits the fire dragon.
The fire dragon resists.
The blast of flame hits you!
One of your 4 scrolls of teleportation catches fire!
* * * LOW HITPOINT WARNING * * *
The fire dragon bites you!
You die...

...........%(.............(......
.................................
.......((........................
#####..(......................)..
....#............................
....#..(########......#..........
....#..##$$$$. ##.8..##..........
##'##.##.....D.##...##...........
....).# #.D@..##............
......##.......#####......##'###.
.......##$$$$.##.........)#....#.
........#######.........(.#....')
..........................#....#.
..........................#....#.
.....................(....#....#.
..........................######.
.................................


You could see 2 fire dragons.

Vanquished Creatures
  Maud (Lair:5)
  Gastronok (Lair:1)
  Josephine (D:10)
  An ogre mage (D:14)
  4 orc high priests (Orc:4)
  3 centaur warriors
  3 tengu warriors
  Nergalle (D:10)
  4 skeletal warriors (D:11)
  Erolcha (D:14)
  An ice devil (Orc:4)
  2 orc knights (Orc:3)
  2 manticores (D:15)
  3 hill giants (D:11)
  3 orc sorcerers
  2 griffons
  A cyclops (D:12)
  Maurice (D:12)
  2 black mambas
  An item mimic (Orc:4)
  A gargoyle (D:13)
  A centaur zombie (D:12)
  A tengu conjurer (D:13)
  4 spiny frogs
  3 komodo dragons
  A polar bear (Lair:3)
  A freezing wraith (D:15)
  5 trolls
  Sonja (D:15)
  A queen bee (D:8)
  7 two-headed ogres
  9 blink frogs
  4 deep elf magi
  A grizzly bear (Lair:2)
  A grizzly bear (shapeshifter) (D:13)
  5 basilisks
  3 ravens
  13 slime creatures
  2 wraiths
  A vampire (D:12)
  A hill giant zombie (D:10)
  3 shadows
  16 ugly things
  3 sharks (Lair:6)
  Eustachio (D:7)
  An elephant slug (Lair:6)
  4 nagas (Lair:6)
  3 wargs (Orc:3)
  13 hungry ghosts
  10 hippogriffs
  A hill giant skeleton (D:12)
  15 vampire mosquitoes
  17 yaks
  An ogre zombie (D:15)
  2 soldier ants
  8 porcupines
  5 water moccasins
  7 sky beasts
  2 yellow wasps
  26 orc warriors
  2 phantoms
  2 manticore skeletons
  8 ogres
  4 centaurs
  2 crocodiles
  13 giant frogs
  A komodo dragon zombie (D:8)
  7 giant slugs
  5 big kobolds
  3 jellies
  A cyclops zombie (D:13)
  A scorpion (D:6)
  A yak zombie (D:8)
  2 eyes of draining
  31 killer bees
  A manticore simulacrum (D:10)
  4 goliath beetles
  7 crimson imps
  31 orc priests
  A giant frog zombie (D:5)
  8 hounds
  Crazy Yiuf (D:6)
  A big fish (Sewer)
  5 gnoll shamans
  2 centaur skeletons (D:10)
  35 orc wizards
  5 spectral orcs (D:10)
  12 iguanas
  12 sheep (Lair:5)
  12 worker ants
  A mottled dragon skeleton (D:10)
  2 ogre skeletons
  A hound skeleton (D:4)
  21 adders
  20 gnolls
  17 green rats
  3 shadow imps
  2 giant mites
  5 worms
  2 orc skeletons
  2 giant eyeballs
  8 giant geckos
  2 oozes
  141 orcs
  14 bats
  19 goblins
  16 hobgoblins
  18 jackals
  28 kobolds
  6 quokkas
  2 ball pythons
  4 giant cockroaches
  7 giant newts
  A hobgoblin skeleton (D:4)
  3 orc zombies
  30 rats
  8 fungi
  6 plants
851 creatures vanquished.

Vanquished Creatures (others)
  An orc wizard (D:4)
  A plant (D:10)
2 creatures vanquished.

Grand Total: 853 creatures vanquished

Notes
Turn   | Place    | Note
--------------------------------------------------------------
     0 | D:1      | Kenran, the Gargoyle Monk, began the quest for the Orb.
     0 | D:1      | Reached XP level 1. HP: 14/14 MP: 1/1
    32 | D:1      | Reached XP level 2. HP: 14/19 MP: 2/2
   190 | D:1      | Reached skill level 5 in Unarmed Combat
   444 | D:1      | Reached XP level 3. HP: 15/23 MP: 3/3
   956 | D:2      | Found a white marble altar of Elyvilon.
   959 | D:2      | Found a sparkling altar of Nemelex Xobeh.
   962 | D:2      | Found a deep blue altar of Sif Muna.
  1312 | D:2      | Reached skill level 6 in Unarmed Combat
  1312 | D:2      | Reached XP level 4. HP: 24/28 MP: 4/4
  1700 | D:2      | Found a radiant altar of Vehumet.
  1962 | D:3      | Found a glowing drain.
  1970 | Sewer    | Entered a sewer
  2038 | Sewer    | Reached XP level 5. HP: 19/32 MP: 5/5
  2150 | Sewer    | Noticed a big kobold
  2192 | Sewer    | Killed a big kobold
  2192 | Sewer    | Reached skill level 7 in Unarmed Combat
  2244 | Sewer    | Found a glowing silver altar of Zin.
  2672 | D:3      | Reached XP level 6. HP: 37/37 MP: 6/6
  2972 | D:4      | Paralysed by a giant eyeball for 3 turns
  2986 | D:4      | Reached skill level 8 in Unarmed Combat
  3028 | D:4      | Found a white marble altar of Elyvilon.
  3075 | D:4      | Noticed Sigmund
  3249 | D:4      | Reached XP level 7. HP: 41/41 MP: 7/7
  3326 | D:4      | Reached skill level 9 in Unarmed Combat
  3653 | D:5      | Entered Level 5 of the Dungeon
  4053 | D:5      | Reached skill level 10 in Unarmed Combat
  4377 | D:5      | Reached XP level 8. HP: 44/46 MP: 8/8
  4572 | D:6      | Reached skill level 11 in Unarmed Combat
  4803 | D:6      | Noticed Crazy Yiuf
  4808 | D:6      | Killed Crazy Yiuf
  4947 | D:6      | Found a staircase to the Ecumenical Temple.
  4964 | Temple   | Entered the Ecumenical Temple
  4996 | Temple   | Became a worshipper of Makhleb the Destroyer
  4996 | Temple   | Acquired Makhleb's first power
  4996 | Temple   | Acquired Makhleb's second power
  5433 | D:6      | Paralysed by a giant eyeball for 2 turns
  5688 | D:7      | Noticed Eustachio
  5714 | D:7      | Killed Eustachio
  5714 | D:7      | Reached skill level 5 in Dodging
  5965 | D:7      | Reached XP level 9. HP: 51/51 MP: 9/9
  6423 | D:8      | Acquired Makhleb's third power
  6903 | D:8      | Acquired Makhleb's fourth power
  7014 | D:8      | Reached XP level 10. HP: 52/56 MP: 10/10
  7332 | D:9      | Acquired Makhleb's fifth power
  7764 | D:9      | Reached skill level 10 in Dodging
  8082 | D:9      | Reached skill level 5 in Fighting
  8223 | D:9      | Found a staircase to the Lair.
  8440 | Lair:1   | Entered Level 1 of the Lair of Beasts
  8440 | Lair:1   | Noticed a black mamba
  8471 | D:9      | Killed a black mamba
  8814 | Lair:1   | Noticed Gastronok
  8867 | Lair:2   | Reached XP level 11. HP: 69/69 MP: 11/11
  9627 | Lair:3   | Noticed Fannar
  9629 | Lair:3   | Reached skill level 10 in Fighting
  9673 | Lair:3   | Noticed Snorg
  9720 | Lair:3   | HP: 3/72 [Snorg (14)]
 10885 | D:10     | Entered Level 10 of the Dungeon
 11331 | Lair:1   | Killed Gastronok
 11331 | Lair:1   | Reached skill level 12 in Unarmed Combat
 11713 | D:10     | Noticed Josephine
 11732 | D:10     | Reached skill level 13 in Unarmed Combat
 11761 | D:10     | Killed Josephine
 11981 | D:10     | Reached XP level 12. HP: 77/77 MP: 12/12
 12030 | D:10     | Identified a scroll of acquirement
 12031 | D:10     | Got a faintly glowing emerald amulet
 12032 | D:10     | Identified the amulet "Huusch" {Stasis Dex+4 Int+5} (You acquired it on level 10 of the Dungeon)
 12214 | D:10     | Reached skill level 14 in Unarmed Combat
 12320 | D:10     | Noticed Nergalle
 12387 | D:10     | Killed Nergalle
 12791 | D:11     | Found a labyrinth entrance.
 13039 | D:11     | Reached skill level 15 in Unarmed Combat
 13336 | D:11     | Reached skill level 16 in Unarmed Combat
 14645 | Lair:5   | Noticed Maud
 14991 | Lair:5   | Killed Maud
 14991 | Lair:5   | Reached skill level 17 in Unarmed Combat
 14991 | Lair:5   | Reached XP level 13. HP: 82/82 MP: 13/13
 15284 | Lair:6   | Found a staircase to the Shoals.
 15697 | Lair:6   | Found a staircase to the Snake Pit.
 16650 | D:11     | Reached skill level 18 in Unarmed Combat
 16693 | D:11     | Got a heavily runed iron ring
 17344 | D:12     | Noticed Maurice
 17360 | D:12     | Killed Maurice
 17687 | D:12     | Found a staircase to the Orcish Mines.
 17902 | Lair:1   | Identified the ring of Interdependent Arising {rF+ rN+} (You found it on level 11 of the Dungeon)
 18059 | Orc:1    | Entered Level 1 of the Orcish Mines
 18876 | Orc:2    | Found a roughly hewn altar of Beogh.
 18956 | Orc:4    | Entered Level 4 of the Orcish Mines
 18956 | Orc:4    | Found Gaesaaj's Armour Emporium.
 18964 | Orc:4    | Bought the +0 cloak of Starlight {rElec rC+ EV+4 Stlth-} for 761 gold pieces
 19024 | Orc:4    | Found a staircase to the Elven Halls.
 19111 | Orc:4    | Reached skill level 19 in Unarmed Combat
 19441 | Orc:4    | Found Twoutt's Gadget Emporium.
 19441 | Orc:4    | Found Ytac Thru's Distillery.
 19452 | Orc:4    | Found Bonyroo's Distillery.
 19486 | Orc:4    | Gained mutation: You are frail (-10% HP). [a neqoxec]
 19498 | Orc:4    | Gained mutation: Your wings are large and strong. [gargoyle growth]
 19498 | Orc:4    | Reached XP level 14. HP: 69/79 MP: 14/14
 19536 | Orc:4    | Found Klefasib's Food Emporium.
 20939 | Orc:4    | Bought a meat ration for 60 gold pieces
 20939 | Orc:4    | Bought a meat ration for 60 gold pieces
 20939 | Orc:4    | Bought a bread ration for 52 gold pieces
 20939 | Orc:4    | Bought a meat ration for 60 gold pieces
 20939 | Orc:4    | Bought a meat ration for 60 gold pieces
 21197 | Orc:4    | Reached skill level 20 in Unarmed Combat
 21602 | D:13     | Reached skill level 1 in Armour
 22041 | D:13     | Noticed Erolcha
 22690 | D:14     | Found a gate to the Vaults.
 23168 | D:14     | Killed Erolcha
 23343 | D:15     | Entered Level 15 of the Dungeon
 23603 | D:15     | Identified Omirr's Compendium of Moulding and Clay
 23965 | D:15     | Noticed Sonja
 23983 | D:15     | Killed Sonja
 24064 | D:15     | Mangled by a fire dragon

Action                   |  1- 3 |  4- 6 |  7- 9 | 10-12 | 13-15 || total
-------------------------+-------+-------+-------+-------+-------++-------
Melee: Unarmed           |   135 |   206 |   541 |  1455 |  1092 ||  3429
  Use: Scroll            |     5 |     6 |    12 |    10 |    10 ||    43
       Potion            |       |       |       |     3 |     1 ||     4
 Stab: Sleeping          |     1 |     3 |     2 |     5 |     4 ||    15
       Distracted        |       |     1 |     1 |     1 |     3 ||     6
